 Dungeon Crawl Stone Soup version 0.31-a0-1237-gabc64e778c (webtiles) character file.

Game seed: 473821541981034638

62911 avis the Brawler (level 15, -47/129 HPs)
             Began as a Hill Orc Monk on Dec 15, 2023.
             Was a High Priest of Beogh.
             Annihilated by a titanic slime creature (85 damage)
             ... on level 13 of the Dungeon on Dec 16, 2023.
             The game lasted 03:10:57 (28581 turns).

avis the Brawler (Hill Orc Monk)                   Turns: 28581, Time: 03:10:58

Health: -47/129    AC: 21    Str: 21    XL:     15   Next: 7%
Magic:  19/22      EV: 15    Int: 10    God:    Beogh [*****.]
Gold:   915        SH: 12    Dex: 17    Spells: 12/14 levels left

rFire   + . .        b - +7 hand cannon (freeze)
rCold   . . .        c - +0 kite shield
rNeg    + . .        R - +8 pearl dragon scales
rPois   .            (helmet currently unavailable)
rElec   .            x - melded scarf {rC+ rF+}
rCorr   .            (gloves currently unavailable)
SInv    .            (boots currently unavailable)
Will    +....        j - amulet "Simol" {+Inv Regen+ Str+3} Stlth
                     s - +5 ring of evasion
HPRegen 1.21/turn    k - ring of protection from fire
MPRegen 0.18/turn

%: no passive effects
@: beast-form
A: beast (slay +4), walk on water
a: Begin Untransformation, Renounce Religion, Evoke Invisibility, Smiting,
Recall Orcish Followers, Give Item to Named Follower


You were on level 13 of the Dungeon.
You worshipped Beogh.
Beogh was extremely pleased with you.
You were a hulking beast.
You visited 4 branches of the dungeon, and saw 21 of its levels.
You visited 1 bazaar.
You also visited: Bailey.

You collected 2066 gold pieces.
You spent 1151 gold pieces at shops.

Inventory:

Hand Weapons
 b - a +7 hand cannon of freezing (weapon)
 y - a +0 vampiric spear
 D - a +0 spear
 I - a +0 halberd of venom
 P - a +1 longbow of flaming
Missiles
 n - 4 throwing nets
Armour
 c - a +0 kite shield (worn)
 d - a +0 troll leather armour
 x - a scarf of resistance (melded)
 F - a +0 buckler
 R - +8 pearl dragon scales (worn)
Magical Staves
 S - a staff of earth
Jewellery
 e - a +6 ring of intelligence
 g - a ring of flight
 j - the amulet "Simol" (around neck) {+Inv Regen+ Str+3}
   (You found it on level 5 of the Lair of Beasts)

   [amulet of regeneration]

   Str+3:     It affects your strength (+3).
   +Inv:      It lets you turn invisible.
   Regen+:    It increases your rate of health regeneration.
 k - a ring of protection from fire (right hand)
 s - a +5 ring of evasion (left hand)
 z - a ring of fire
 E - a +4 ring of protection
 G - a ring of willpower
Talismans
 a - a beast talisman (active)
 Q - a blade talisman
Wands
 f - a wand of light (23)
 h - a wand of flame (31)
 l - a wand of polymorph (8)
 H - a wand of paralysis (16)
 J - a wand of iceblast (10)
Scrolls
 i - 5 scrolls of blinking
 m - a scroll of butterflies
 p - 9 scrolls of teleportation
 v - a scroll of poison
 w - 4 scrolls of fear
 B - 4 scrolls of fog
 L - a scroll of amnesia
 M - a scroll of revelation
 N - a scroll of identify
Potions
 o - a potion of brilliance
 q - 3 potions of ambrosia
 r - 3 potions of magic
 t - 9 potions of curing
 u - 4 potions of invisibility
 A - a potion of berserk rage
 C - 5 potions of cancellation
 K - 3 potions of enlightenment
 U - 4 potions of might
 V - a potion of resistance
Miscellaneous
 O - a lightning rod (4/4)


   Skills:
 - Level 11.0 Fighting
 - Level 14.0 Ranged Weapons
 - Level 8.0 Armour
 - Level 3.0 Dodging
 - Level 11.0 Shields
 - Level 15.0 Unarmed Combat
 - Level 1.0 Translocations
 - Level 10.0 Invocations
 * Level 7.7 Shapeshifting


You had 12 spell levels left.
You knew the following spells:

 Your Spells              Type           Power      Damage    Failure   Level
b - Blink                 Tloc           4%         N/A       89%         2

Your spell library contained the following spells:

 Spells                   Type           Power      Damage    Failure   Level
 Foxfire                  Conj/Fire      0%         2x1d4     89%         1
 Shock                    Conj/Air       0%         1d3       89%         1
 Summon Small Mammal      Summ           0%         N/A       89%         1
 Cigotuvi's Dreadful Rot  Necr/Pois/Air  0%         N/A       96%         2
 Poisonous Vapours        Pois/Air       0%         N/A       96%         2
 Scorch                   Fire           0%         2d5       96%         2
 Sublimation of Blood     Necr           0%         N/A       96%         2
 Gell's Gravitas          Tloc           2%         N/A       98%         3
 Teleport Other           Tloc           2%         N/A       98%         3
 Ignite Poison            Fire/Tmut/Pois 0%         N/A       99%         3
 Mephitic Cloud           Conj/Pois/Air  0%         N/A       99%         3
 Swiftness                Air            0%         N/A       99%         3
 Tukima's Dance           Hex            0%         N/A       99%         3
 Airstrike                Air            0%         2d(0-16)  100%        4
 Dimensional Bullseye     Hex/Tloc       0%         N/A       100%        4
 Iskenderun's Mystic Bla  Conj/Tloc      1%         2d3       100%        4
 Manifold Assault         Tloc           2%         N/A       100%        4
 Petrify                  Tmut/Erth      0%         N/A       100%        4
 Borgnjor's Vile Clutch   Necr/Erth      0%         N/A       100%        5
 Fireball                 Conj/Fire      0%         3d3       100%        5
 Freezing Cloud           Conj/Ice/Air   0%         6-21      100%        5
 Irradiate                Conj/Tmut      0%         3d11      100%        5
 Dispersal                Tloc           1%         N/A       100%        6
 Plasma Beam              Fire/Air       0%         2x1d10    100%        6


Dungeon Overview and Level Annotations

Branches:
Dungeon (13/15)            Temple (1/1) D:5            Lair (5/5) D:11
 Shoals (0/4) Lair:3        Snake (0/4) Lair:2        Slime (0/5) Lair:4
    Orc (2/2) D:11            Elf (0/3) Orc:2        Bailey (visited)
 Vaults: D:13-14

Altars:
Ashenzari
Cheibriados
Dithmenos
Elyvilon
Fedhas
Gozag
Hepliaklqana
Kikubaaqudgha
Makhleb
Nemelex Xobeh
Okawaru
Qazlal
Ru
Sif Muna
Trog
Uskayaw
Vehumet
Wu Jian
Xom
Yredelemnul
Zin
The Shining One
Jiyva

Shops:
D:2 (   D:4 ?!*   D:6 ?   D:7 [   D:8 :

Annotations:
D:5 3 runed translucent doors, Momosog's ghost, novice GrMo; chickenman's ghost, amateur HuFi; mandarbmax's ghost, amateur OpHu; wally255's ghost, amateur GrHu
D:13 2 transporters
Lair:4 1 runed translucent door


Message History

The bolt hits the titanic slime creature!!
The bolt freezes the titanic slime creature.
The titanic slime creature is moderately wounded.
Fire: b) +7 hand cannon (freeze)
Press: ? - help, Q - select action, (/) - cycle Shift-Dir - straight line, f/p - titanic slime creature
Aim: a titanic slime creature (moderately wounded, ally target, 89% to hit)
You shoot a bolt.
The bolt hits the titanic slime creature.
The bolt freezes the titanic slime creature.
The titanic slime creature is moderately wounded.
You block the titanic slime creature's attack.
The titanic slime creature misses you.
Fire: b) +7 hand cannon (freeze)
Press: ? - help, Q - select action, (/) - cycle Shift-Dir - straight line, f/p - titanic slime creature
Aim: a titanic slime creature (moderately wounded, ally target, 89% to hit)
You shoot a bolt.
The bolt hits the titanic slime creature!!
The bolt freezes the titanic slime creature!
The titanic slime creature is heavily wounded.
The titanic slime creature hits you but does no damage.
Fire: b) +7 hand cannon (freeze)
Press: ? - help, Q - select action, (/) - cycle Shift-Dir - straight line, f/p - titanic slime creature
Aim: a titanic slime creature (heavily wounded, ally target, 89% to hit)
You shoot a bolt.
The bolt hits the titanic slime creature!
The bolt freezes the titanic slime creature.
The titanic slime creature is heavily wounded.
The titanic slime creature hits you!!!!
Ouch! That really hurt!
* * * LOW HITPOINT WARNING * * *
You block the titanic slime creature's attack.
Unknown command.
Aiming: Smiting
Press: ? - help, Dir - move target, f/p - titanic slime creature Smite: a titanic slime creature (magical condensation, heavily wounded, ally target)
You smite the titanic slime creature!!
The titanic slime creature is severely wounded.
The titanic slime creature hits you!!!!
Ouch! That really hurt!
You die...

### ##.##
######o#o########
......###........
.......#.########
#####...##########
................o#
.####...########h# .#
##.## #J# .# #.#
#####.# #### .#
#.####... ... ..# .#
#<#.. .. ... #.# .#
#.#.# .# ###.# #.# .##
#.#.##.#####.# #.####
..#
#.........##.####....#
..#
#....................#


You could see a titanic slime creature (ally target) and a friendly orc knight.

Vanquished Creatures
  Rupert (Lair:5)
  Gastronok (Lair:1)
  2 orc warlords
  Nessos (D:13)
  2 dire elephants (Lair:5)
  Snorg (Orc:2)
  A hydra (D:11)
  Erolcha (D:13)
  A centaur warrior (D:13)
  4 two-headed ogres (D:11)
  A catoblepas (Lair:5)
  A death knight (D:11)
  3 boulder beetles
  A death yak (Lair:5)
  2 slime creatures (D:13)
  A swamp dragon (Lair:5)
  An obsidian statue (Lair:5)
  3 necromancers (Lair:5)
  2 ugly things
  5 cyclopes
  Maurice (D:7)
  A manticore (D:13)
  An orc sorcerer (Lair:3)
  3 elephants
  A kobold blastminer (Orc:1)
  5 black mambas
  2 gargoyles (D:11)
  Jeremiah (D:7)
  3 unseen horrors
  2 rime drakes
  4 cane toads
  3 kobold demonologists
  7 komodo dragons
  2 trolls
  A hornet (D:11)
  Grinder (D:6)
  2 dream sheep (Lair:3)
  14 blink frogs
  2 wraiths
  15 yaks
  A wyvern (Lair:5)
  A steam dragon (D:10)
  4 vampire mosquitoes
  3 wargs
  3 water moccasins (Lair:5)
  Duvessa (D:7)
  6 orc warriors
  A black bear (D:11)
  5 ogres
  3 sky beasts
  2 ice beasts (D:7)
  4 wolves
  5 centaurs
  A phantom (D:5)
  6 kobold brigands
  5 bullfrogs
  5 necrophages (D:4)
  2 gnoll sergeants
  A scorpion (D:7)
  13 wights
  Dowan (D:7)
  3 killer bees
  6 howler monkeys
  An electric eel (Lair:1)
  7 jellies (Lair:1)
  A bullfrog zombie (D:4)
  3 hounds
  3 orc priests
  A sleepcap (D:6)
  An iguana (D:7)
  11 orc wizards
  A scorpion zombie (D:4)
  27 gnolls
  12 adders
  2 white imps
  4 ufetubi
  3 worms
  9 dart slugs
  41 orcs
  9 ball pythons
  11 endoplasms
  5 giant cockroaches
  13 goblins
  8 hobgoblins
  5 jackals
  28 kobolds
  3 quokkas
  3 bats
  5 frilled lizards
  6 rats
411 creatures vanquished.

Vanquished Creatures (collateral kills)
  Jorgrun (D:13)
  A dire elephant (Lair:5)
  6 hydras
  Erica (Lair:1)
  A catoblepas (Lair:5)
  A spectral dire elephant (Lair:5)
  7 death yaks (Lair:5)
  An orc high priest (Lair:4)
  A skyshark (Lair:2)
  A spectral death yak (Lair:5)
  A skeletal warrior (D:11)
  A spectral anaconda (Lair:5)
  A manticore (D:13)
  10 elephants
  A merfolk siren (Lair:3)
  2 black mambas
  6 cane toads
  An unseen horror (D:10)
  3 rime drakes
  A kobold demonologist (D:11)
  5 komodo dragons
  3 polar bears
  9 blink frogs
  4 dream sheep (Lair:3)
  A slime creature (Lair:1)
  4 shadows
  2 wraiths (D:11)
  A wyvern (D:11)
  A basilisk (Lair:4)
  32 yaks
  2 death yak simulacra (Lair:5)
  A steam dragon (Lair:3)
  3 nagas (Lair:2)
  3 vampire mosquitoes (Lair:5)
  2 acid dragons
  10 water moccasins
  A swamp drake (Lair:5)
  An elephant zombie (Lair:5)
  An orc warrior (D:11)
  A black bear (D:11)
  8 wolves
  A centaur (D:9)
  2 kobold brigands (D:11)
  4 bullfrogs
  A cane toad simulacrum (Lair:5)
  An elephant simulacrum (Lair:5)
  3 killer bees
  4 jellies (Lair:1)
  An iron imp (D:13)
  An orc priest (D:11)
  3 orc wizards
  2 gnolls
  5 orcs
  4 endoplasms (Lair:1)
  7 kobolds (D:11)
182 creatures vanquished.

Vanquished Creatures (others)
  2 orc warriors (D:11)
  3 orc priests
  4 orc wizards
  15 orcs
24 creatures vanquished.

Grand Total: 617 creatures vanquished

Notes
Turn   | Place    | Note
-------+----------+-------------------------------------------
     0 | D:1      | avis the Hill Orc Monk began the quest for the Orb.
     0 | D:1      | Reached XP level 1. HP: 19/19 MP: 1/1
    89 | D:1      | Reached XP level 2. HP: 25/27 MP: 2/2
   415 | D:1      | Reached XP level 3. HP: 35/35 MP: 3/3
   422 | D:1      | Reached skill level 5 in Fighting
   924 | D:1      | Found a faded altar of an unknown god.
  1419 | D:1      | Reached skill level 4 in Unarmed Combat
  1530 | D:1      | Reached XP level 4. HP: 22/42 MP: 4/4
  1993 | D:2      | Found Lysown Ecef's Weapon Emporium.
  2214 | D:2      | Reached skill level 1 in Armour
  2214 | D:2      | Reached XP level 5. HP: 50/50 MP: 5/5
  2277 | D:2      | You fall into a shaft and drop 1 floor!
  3481 | D:4      | Found Qisicw's Neck Hole.
  3624 | D:4      | Found Disaol's Magic Scroll Emporium.
  3731 | D:4      | Reached XP level 6. HP: 54/60 MP: 6/6
  3930 | D:4      | Found a blossoming altar of Fedhas.
  4087 | D:4      | Found Bief's Distillery.
  4331 | D:4      | Reached skill level 1 in Shapeshifting
  4347 | D:4      | Reached XP level 7. HP: 45/67 MP: 4/7
  4563 | D:5      | Entered Level 5 of the Dungeon
  5018 | D:5      | Reached XP level 8. HP: 70/74 MP: 8/8
  5022 | D:5      | Became a worshipper of Beogh the Brigand
  5022 | D:5      | Reached * piety under Beogh
  5022 | D:5      | Reached ** piety under Beogh
  5300 | D:5      | Found a runed translucent gate.
  5300 | D:5      | Found a runed translucent gate.
  5300 | D:5      | Found a runed translucent gate.
  5302 | D:5      | Noticed Momosog's ghost (novice GrMo)
  5302 | D:5      | Noticed wally255's ghost (amateur GrHu)
  5303 | D:5      | Noticed mandarbmax's ghost (amateur OpHu)
  5303 | D:5      | Noticed chickenman's ghost (amateur HuFi)
  5353 | D:5      | Found a staircase to the Ecumenical Temple.
  5469 | Temple   | Entered the Ecumenical Temple
  5973 | D:6      | Reached skill level 5 in Shapeshifting
  6082 | D:6      | Found The Oracle's Delphic Readings.
  6103 | D:6      | HP: 2/74 [poisoned by a gnoll sergeant]
  6873 | D:6      | Reached XP level 9. HP: 41/81 MP: 9/9
  7084 | D:6      | Noticed Grinder
  7091 | D:6      | Killed Grinder
  7387 | D:7      | Noticed a cyclops
  7531 | D:7      | Noticed Maurice
  7534 | D:7      | Maurice stole a beast talisman
  7536 | D:7      | Maurice stole 255 gold
  7536 | D:7      | Maurice stole a +0 orcbow
  7539 | D:7      | Killed Maurice
  7540 | D:7      | Reached skill level 10 in Fighting
  7658 | D:7      | Noticed Jeremiah
  7888 | D:6      | Reached *** piety under Beogh
  7958 | D:6      | Reached skill level 1 in Invocations
  8003 | D:7      | Killed Jeremiah
  8025 | D:7      | Killed a cyclops
  8026 | D:7      | Reached XP level 10. HP: 61/95 MP: 10/14
  8260 | D:7      | Noticed Dowan
  8261 | D:7      | Noticed Duvessa
  8287 | D:7      | Killed Duvessa
  8380 | D:7      | Killed Dowan
  8445 | D:7      | Found Beit's Armour Boutique.
  8949 | D:4      | Bought a potion of degeneration for 12 gold pieces
  8991 | D:4      | Bought a scroll of brand weapon for 133 gold pieces
  8991 | D:4      | Bought a scroll of enchant armour for 105 gold pieces
  8991 | D:4      | Bought 2 scrolls of identify for 56 gold pieces
  8991 | D:4      | Bought a scroll of identify for 28 gold pieces
  9133 | D:8      | Found Ozosup's Book Emporium.
  9168 | D:8      | Reached skill level 1 in Ranged Weapons
  9208 | D:8      | Found a flagged portal.
  9219 | D:8      | Reached **** piety under Beogh
  9387 | Bailey   | Entered a bailey
 11328 | D:8      | Reached skill level 5 in Unarmed Combat
 11347 | D:8      | Gained Bogbrand as an ally
 12109 | D:9      | Your ally Bogbrand died
 12115 | D:9      | Reached skill level 6 in Unarmed Combat
 12251 | D:9      | Gained Horkud as an ally
 12496 | D:9      | Noticed an unseen horror
 12498 | D:9      | Killed an unseen horror
 13061 | D:10     | Entered Level 10 of the Dungeon
 13103 | D:9      | Identified a scroll of acquirement
 13210 | D:10     | Gained Korbok as an ally
 13212 | D:10     | Reached skill level 7 in Unarmed Combat
 13212 | D:10     | Reached XP level 11. HP: 45/102 MP: 11/18
 13213 | D:10     | Paralysed by a kobold for 3 turns
 13259 | D:10     | Reached skill level 10 in Invocations
 13383 | D:10     | Identified the +2 robe "Xohukhyc" {Slay+3 Stlth+ Archmagi}
 13642 | D:10     | Reached skill level 5 in Ranged Weapons
 14161 | D:10     | Found an opulent altar of Gozag.
 14257 | D:10     | Found a glowing silver altar of Zin.
 14257 | D:10     | Noticed an angel
 14461 | Temple   | Acquired 564 gold pieces
 14537 | D:4      | Bought a scroll of vulnerability for 56 gold pieces
 14581 | D:6      | Bought a scroll of amnesia for 56 gold pieces
 14581 | D:6      | Bought a scroll of butterflies for 56 gold pieces
 14581 | D:6      | Bought a scroll of identify for 28 gold pieces
 14663 | D:4      | Bought a scroll of identify for 28 gold pieces
 14663 | D:4      | Bought a scroll of identify for 28 gold pieces
 14663 | D:4      | Bought a scroll of blinking for 105 gold pieces
 14663 | D:4      | Bought a scroll of revelation for 105 gold pieces
 14809 | D:11     | Found a staircase to the Lair.
 14814 | D:11     | Noticed a six-headed hydra
 14817 | D:11     | Reached skill level 8 in Unarmed Combat
 14818 | D:11     | Killed a six-headed hydra
 14847 | D:11     | Found a flickering gateway to a bazaar.
 14854 | D:11     | Found a staircase to the Orcish Mines.
 14857 | D:11     | Noticed a sun demon
 14860 | D:11     | HP: 5/102 [sun demon[a kobold demonologist] (5)]
 14860 | D:11     | HP: 2/102 [shadow (3)]
 14860 | D:11     | Noticed a cyclops
 14863 | D:11     | Noticed a sixfirhy
 14863 | D:11     | Gained Ogrik as an ally
 14869 | D:11     | Killed a cyclops
 14870 | D:11     | Reached skill level 9 in Unarmed Combat
 14876 | Bazaar   | Entered a bazaar
 14878 | Bazaar   | Found Vutuotee's Antique Armour Boutique.
 14882 | Bazaar   | Found Osierch's Book Boutique.
 14882 | Bazaar   | Found Ycion's Assorted Antiques.
 14882 | Bazaar   | Found Hurghube's Magic Scroll Boutique.
 14907 | Bazaar   | Bought an Inescapable Atlas for 176 gold pieces
 14913 | Bazaar   | Bought 2 scrolls of noise for 18 gold pieces
 14913 | Bazaar   | Bought a scroll of teleportation for 27 gold pieces
 14913 | Bazaar   | Bought a scroll of blinking for 67 gold pieces
 14913 | Bazaar   | Bought a scroll of enchant weapon for 67 gold pieces
 15336 | D:11     | Noticed a two-headed ogre
 15345 | D:11     | Noticed a two-headed ogre
 15346 | D:11     | Noticed a cyclops
 15350 | D:11     | Your ally Ogrik died
 15351 | D:11     | Killed a two-headed ogre
 15370 | D:11     | Killed a cyclops
 15380 | D:11     | Noticed a two-headed ogre
 15380 | D:11     | Noticed a cyclops
 15384 | D:11     | Killed a two-headed ogre
 15385 | D:11     | Reached skill level 10 in Unarmed Combat
 15385 | D:11     | Killed a cyclops
 15499 | D:11     | Noticed a boulder beetle
 15499 | D:11     | Noticed a death knight
 15505 | D:11     | Killed a death knight
 15516 | D:11     | Killed a boulder beetle
 15703 | D:11     | Learned a level 2 spell: Blink
 15746 | D:11     | Reached skill level 11 in Unarmed Combat
 15748 | D:11     | Reached ***** piety under Beogh
 15761 | D:11     | Noticed a skeletal warrior
 15763 | D:11     | Reached XP level 12. HP: 110/110 MP: 19/19
 15767 | D:11     | Gained Koronagh as an ally
 15770 | D:11     | Killed a two-headed ogre
 16227 | D:11     | Noticed a two-headed ogre
 16231 | D:11     | Killed a two-headed ogre
 16388 | Lair:1   | Entered Level 1 of the Lair of Beasts
 16415 | Lair:1   | Reached skill level 12 in Unarmed Combat
 16590 | Lair:1   | Noticed Erica
 16594 | Lair:1   | Killed Erica
 16688 | Lair:1   | Reached skill level 10 in Ranged Weapons
 16735 | Lair:1   | Reached skill level 13 in Unarmed Combat
 16735 | Lair:1   | Noticed Gastronok
 16746 | Lair:1   | Killed Gastronok
 18024 | Lair:2   | Reached skill level 14 in Unarmed Combat
 18030 | Lair:2   | Reached XP level 13. HP: 116/116 MP: 16/20
 18903 | Lair:2   | Found a staircase to the Snake Pit.
 19359 | Lair:2   | Reached skill level 15 in Unarmed Combat
 19545 | Lair:3   | Found a staircase to the Shoals.
 20739 | Lair:4   | Reached ****** piety under Beogh
 20866 | Orc:1    | Entered Level 1 of the Orcish Mines
 20880 | D:11     | Was placed under penance by Beogh
 21326 | Lair:3   | Reached skill level 1 in Shields
 21440 | Lair:3   | Noticed an orc warlord
 21454 | Lair:3   | Killed an orc warlord
 21924 | Lair:4   | Got the Anthology of Posthumous Hyperthermia
 22040 | Lair:4   | Found a runed translucent door.
 22040 | Lair:4   | Found a viscous altar of Jiyva.
 22058 | Lair:4   | Noticed an acid blob
 22060 | Lair:4   | Found a staircase to the Slime Pits.
 22153 | Lair:4   | Was forgiven by Beogh
 23061 | Lair:5   | Entered Level 5 of the Lair of Beasts
 23084 | Lair:5   | Noticed Rupert
 23090 | Lair:5   | Killed Rupert
 23091 | Lair:5   | Reached skill level 5 in Shields
 23263 | Lair:5   | Reached XP level 14. HP: 124/124 MP: 21/21
 24235 | Orc:2    | Entered Level 2 of the Orcish Mines
 24293 | Orc:1    | Noticed Snorg
 24305 | Orc:2    | Killed Snorg
 25331 | Lair:5   | Noticed a dire elephant
 25331 | Lair:5   | Noticed a dire elephant
 25332 | Lair:5   | Noticed a dire elephant
 25336 | Lair:5   | Killed a dire elephant
 25654 | Lair:5   | Reached skill level 10 in Shields
 25672 | Lair:5   | Got the Papyrus of the Incandescent Gang
 25964 | Orc:1    | Noticed an orc warlord
 25978 | Orc:2    | Killed an orc warlord
 26492 | Lair:5   | Killed a dire elephant
 26497 | Lair:5   | Killed a dire elephant
 26501 | Lair:5   | Reached skill level 5 in Armour
 26684 | Lair:5   | Identified the +1 ring mail of the Thoughtful Souls {rN++
                  | MP+9 Str+2 Dex-3}
 26732 | Lair:5   | Identified the amulet "Simol" {+Inv Regen+ Str+3}
 27797 | D:13     | Noticed Erolcha
 27801 | D:13     | Killed Erolcha
 27802 | D:13     | Reached skill level 1 in Translocations
 27972 | D:13     | Noticed Nessos
 27975 | D:13     | Killed Nessos
 28093 | D:13     | Found a transporter.
 28114 | D:13     | Found a transporter.
 28121 | D:13     | Reached XP level 15. HP: 124/129 MP: 22/22
 28367 | D:13     | Found a snail-covered altar of Cheibriados.
 28441 | D:13     | Noticed Jorgrun
 28448 | D:13     | Killed Jorgrun
 28581 | D:13     | Annihilated by a titanic slime creature

Illustrated notes

Levels and vault maps discovered:
D:1:      minmay_arrival_solitary_statue, layout_basic, basic_ecumenical_altar,
          st_stairs_9
D:2:      layout_basic, serial_shops, shop
D:3:      kennysheep_six_static_rooms, layout_rooms
D:4:      layout_basic, fedhas_altar_decomposition, serial_shops,
          nicolae_shop_crystal, nicolae_shop_peninsula, serial_aquarium,
          aquarium_bridge_square [aquarium_subvault_bridge,
          aquarium_subvault_bridge, aquarium_subvault_bridge,
          aquarium_subvault_window], aquarium_bridge_long_separate
          [aquarium_subvault_bridge, aquarium_subvault_window,
          aquarium_subvault_bridge, aquarium_subvault_balcony,
          aquarium_subvault_bridge, aquarium_subvault_window],
          aquarium_window_corridor_1, aquarium_window_corner,
          aquarium_window_fake, aquarium_window_2, aquarium_view_2d,
          aquarium_pool_split, amcnicky_mini_pool_small,
          nicolae_shop_sticking_my_neck_out
D:5:      layout_basic, minmay_temple_entry_purple_smoke,
          gammafunk_ghost_cemetery
D:6:      layout_loops_ring, nicolae_nh_oracle_at_delphi, uniq_grinder
D:7:      layout_rooms, serial_shops, nicolae_shop_just_a_little_nook,
          minmay_manual_maat, uniq_jeremiah, uniq_maurice, uniq_duvessa
D:8:      layout_loops_cross, enter_bailey_5, serial_shops,
          nicolae_shop_peninsula, minmay_misc_feat_enclosed
D:9:      layout_irregular_city, serial_co_window_serial,
          co_window_of_opportunity_a, co_window_paths_a,
          co_window_of_opportunity_a, co_window_of_opportunity_a,
          co_window_paths_a, co_window_corner_ca, co_window_2corner,
          co_window_2corner, co_window_broadway_c, co_window_cross_4,
          co_window_4corner_b, co_window_4corner_a, glass_columns_a
D:10:     hellmonk_destroyed_diamonds, layout_basic,
          lemuel_coloured_pillars_altar, zin_angel
D:11:     kennysheep_windowed_halls, layout_gridville, david_lair_generic,
          david_orc_3, serial_shops, bzr_entry_dummy
D:12:     layout_cave_pools, serial_park, serial_park_paths
          [serial_park_minivault_5x5_3], serial_park_square1
          [serial_park_minivault_5x5_1], serial_park_tiny_1, serial_park_gazebo
          [serial_park_minivault_5x5_7]
D:13:     layout_loops_ring, gammafunk_ghost_abyssal_escape,
          kennysheep_nondescript, slow_altar_2, uniq_nessos, uniq_jorgrun,
          uniq_erolcha
Temple:   hellmonk_temple_of_storms
Lair:1:   lemuel_slime, layout_regular_city, serial_bayou_shore_a,
          serial_bayou_shore_b, serial_bayou_shore_b, uniq_gastronok, uniq_erica
Lair:2:   layout_regular_city, nicolae_snake_entry_squirm, grunt_megastairs_4
Lair:3:   layout_gridlike, minmay_shoals_entry_lonely_mermaid,
          chequers_serial_rivers_large_a
Lair:4:   layout_regular_city, slime_entry_2, grunt_megastairs_5
Lair:5:   due_jungle_book, layout_long_grid, wad_woods_06, pond,
          serial_bayou_shore_b, infiniplex_staircase_pool_2, uniq_rupert
Orc:1:    layout_caves, ebering_ghost_gozag, uniq_snorg
Orc:2:    st_orc_mages, layout_caves, nicolae_orc_tapped_out

Skill      XL: |  1  2  3  4  5  6  7  8  9 10 11 12 13 14 |
---------------+-------------------------------------------+-----
Fighting       | 4 5 6 7 8 11 | 11.0
Unarmed Combat | 4 7 11 14 15 | 15.0
Armour         | 1 2 3 4 8 |  8.0
Shapeshifting  | 2 4 7 |  7.7
Dodging        | 3 |  3.0
Invocations    | 6 9 10 | 10.0
Ranged Weapons | 4 8 11 13 14 | 14.0
Shields        | 5 11 | 11.0
Translocations | 1 |  1.0

Action                     |  1- 3 |  4- 6 |  7- 9 | 10-12 | 13-15 || total
---------------------------+-------+-------+-------+-------+-------++-------
  Melee: Unarmed           |   121 |    56 |       |     6 |    25 ||   208
         Hand cannon       |       |       |       |       |     1 ||     1
   Fire: Hand cannon       |       |    88 |   170 |   304 |   451 ||  1013
  Throw: Throwing net      |       |     1 |       |       |       ||     1
 Invoke: Convert to Beogh  |       |       |     1 |       |       ||     1
         Recall Orcish Fol |       |       |       |     7 |    10 ||    17
         Stop Recall       |       |       |       |     4 |     5 ||     9
         Smiting           |       |       |       |     4 |    10 ||    14
         Give Item to Name |       |       |       |     3 |       ||     3
  Evoke: Lightning rod     |       |       |       |       |     3 ||     3
         Wand              |       |       |       |       |     1 ||     1
    Use: Scroll            |       |       |    13 |    22 |     5 ||    40
         Potion            |       |       |     1 |     9 |     5 ||    15
 Armour: Robe              |    19 |       |       |       |       ||    19
         Leather armour    |    42 |    67 |     8 |       |       ||   117
         Plate armour      |       |       |   164 |   238 |       ||   402
         Pearl dragon scal |       |       |       |    49 |   375 ||   424
  Dodge: Dodged            |    67 |    80 |   127 |   205 |   254 ||   733
  Block: Kite shield       |       |       |       |       |   235 ||   235
   Form: Beast             |       |     1 |       |       |       ||     1

Table legend: (Time is in decaauts)
 A = Elapsed time spent in this place.
 B = Non-inter-level travel time spent in this place.
 C = Inter-level travel time spent in this place.
 D = Time resting spent in this place.
 E = Time spent auto-exploring this place.
 F = Levels seen in this place.
 G = Mean time per level.
                   A        B        C        D        E       F      G
               +--------+--------+--------+--------+--------+-----+--------+
         Total |  29591 |  25126 |   4465 |   7119 |  10087 |  23 | 1286.6 |
       Dungeon |  18260 |  15006 |   3254 |   3973 |   6614 |  13 | 1404.6 |
        Temple |    295 |    286 |      9 |      0 |      0 |   1 |  295.0 |
          Lair |  10148 |   8968 |   1180 |   3146 |   3268 |   5 | 2029.6 |
  Orcish Mines |    330 |    308 |     22 |      0 |     86 |   2 |  165.0 |
        Bazaar |     63 |     63 |      0 |      0 |      0 |   1 |   63.0 |
        Bailey |    492 |    492 |      0 |      0 |    119 |   1 |  492.0 |
               +--------+--------+--------+--------+--------+-----+--------+

Top non-repeatable levels by time:
  Lair:5: 2721 daAuts
     D:5: 2500 daAuts
  Lair:3: 2261 daAuts
  Lair:1: 1856 daAuts
     D:1: 1817 daAuts
  Lair:4: 1816 daAuts
     D:6: 1761 daAuts
     D:8: 1622 daAuts
     D:7: 1599 daAuts
     D:9: 1588 daAuts
    D:11: 1586 daAuts
  Lair:2: 1491 daAuts
    D:10: 1391 daAuts
     D:4: 1241 daAuts
     D:2: 1141 daAuts
